Map: Ruins of Seras

Players

Julles - Winner!

  • Race: Terran Terran
  • League: Gold

AwePhox

  • Race: Zerg Zerg
  • League: Gold

VOD

Have the link to the VOD?

Description

Kill_me

Time

  • Played on: Feb. 14, 2016, 1:10 p.m.
  • Length: 10:53
Show
View Real Time Build Order
Export as new Build Order

Julles Terran - Winner!

Build Orders:  

Get SALT Encoding   

  12  0:01  SCV  
  13  0:13  SCV  
  14  0:18  Supply Depot  
  14  0:25  SCV  
  15  0:40  SCV  
  15  0:42  Barracks  
  16  0:52  SCV  
  17  1:04  SCV  
  18  1:16  SCV  
  19  1:28  Orbital Command  
  19  1:29  Marine  
  20  1:34  Command Center  
  20  1:44  Supply Depot  
  20  1:47  Marine  
  20  1:51  Refinery  
  21  1:54  SCV  
  22  2:06  SCV  
  23  2:10  Barracks  
  23  2:13  Marine  
  24  2:18  SCV  
  25  2:30  SCV  
  25  2:32  Barracks  
  25  2:34  Marine, Supply Depot  
  27  2:42  SCV  
  28  2:48  Orbital Command  
  28  2:54  SCV  
  29  3:07  Bunker, SCV  
  29  3:08  Barracks Tech Lab  
  30  3:15  SCV  
  30  3:19  Barracks Reactor  
  31  3:21  Factory  
  31  3:22  SCV  
  32  3:27  SCV  
  33  3:34  SCV  
  33  3:39  SCV  
  35  3:43  Barracks Reactor  
  35  3:44  Marine  
  35  3:46  SCV  
  37  3:49  Barracks  
  37  3:50  Supply Depot  
  37  3:51  SCV  
  38  3:55  Marine x2  
  38  3:58  SCV  
  38  4:02  Marine  
  42  4:03  SCV  
  43  4:10  SCV  
  43  4:16  Marine x2  
  46  4:18  SCV  
  46  4:23  Marine x3  
  50  4:24  Factory Reactor  
  50  4:25  Command Center  
  50  4:26  SCV  
  51  4:33  Marine, Stimpack, SCV  
  51  4:34  Marine  
  54  4:38  Barracks  
  54  4:39  Barracks  
  54  4:44  Marine x2  
  54  4:45  Supply Depot  
  57  4:47  Supply Depot, SCV x2  
  57  4:52  Barracks Reactor  
  58  4:57  Marine x2  
  58  4:59  SCV x2  
  66  5:07  Hellion x2  
  66  5:11  SCV x2  
  68  5:14  Marine x3  
  69  5:23  SCV x2  
  69  5:27  Marine x2  
  74  5:28  Barracks Reactor  
  74  5:30  Barracks Reactor  
  74  5:32  Hellion x2  
  78  5:35  SCV  
  78  5:36  SCV, Engineering Bay  
  78  5:38  Engineering Bay  
  78  5:39  Supply Depot  
  78  5:41  Orbital Command  
  79  5:47  Marine, SCV  
  79  5:48  Marine x5  
  79  5:49  Marine  
  78  5:59  Hellion x2  
  78  6:00  SCV  
  78  6:03  SCV  
  84  6:05  Marine x2  
  84  6:06  Marine x2  
  88  6:12  SCV  
  88  6:14  Marine x2  
  88  6:15  Marine x3  
  88  6:17  SCV x2  
  90  6:21  Hellion x2  
  90  6:24  Armory, SCV, Marine  
  90  6:25  Marine, Supply Depot  
  97  6:29  SCV x2  
  99  6:35  Missile Turret  
  99  6:37  Marine x2, Supply Depot x2  
  99  6:39  Missile Turret  
  101  6:46  Marine x2  
  101  6:52  Command Center  
  103  6:55  Marine, SCV x3  
  103  6:56  Marine x2  
  103  6:58  Marine x4  
  113  7:01  Supply Depot  
  113  7:03  Marine x2  
  113  7:04  Marine, Supply Depot  
  116  7:12  Terran Infantry Weapons Level 1  
  116  7:16  Marine x4  
  116  7:17  Marine x4  
  116  7:21  Marine  
  116  7:22  Marine  
  125  7:25  Marine  
  125  7:29  Supply Depot  
  125  7:30  Supply Depot  
  125  7:32  Supply Depot  
  125  7:33  Hellion x2  
  125  7:34  Marine x5  
  134  7:37  Factory  
  134  7:42  Marine x2  
  134  7:43  Marine x3  
  139  7:47  Marine  
  136  7:52  Marine x4  
  136  7:53  Marine  
  124  8:00  Marine x3  
  124  8:01  Marine x2  
  124  8:05  Marine  
  117  8:06  SCV x2  
  117  8:10  Marine x4  
  117  8:20  Marine  
  117  8:21  Marine x5  
  117  8:23  Marine  
  118  8:27  Marine x2  
  118  8:28  Marine x2  
  117  8:46  Marine x5  
  117  8:47  Marine x6  
  125  8:50  Command Center, Hellion  
  125  8:51  SCV  
  125  8:52  SCV  
  125  8:53  Planetary Fortress  
  122  9:04  Marine x11  
  122  9:05  SCV x3  
  129  9:13  Factory Tech Lab  
  129  9:15  Hellion  
  129  9:16  Hellion  
  133  9:17  SCV x2  
  133  9:18  SCV  
  133  9:20  Supply Depot  
  133  9:21  Marine  
  133  9:22  Marine x8  
  145  9:25  Refinery  
  145  9:29  Marine x2, SCV x2  
  145  9:30  SCV  
  150  9:32  Hellion  
  150  9:37  Hellion x2  
  156  9:39  Marine  
  156  9:40  Command Center, Marine x6  
  156  9:41  SCV  
  156  9:42  Supply Depot x2  
  164  9:47  Marine  
  164  9:48  Marine x3  
  164  9:52  SCV  
  169  9:54  Hellion  
  169  9:56  Missile Turret  
  169  9:57  Marine  
  169  9:58  Marine x6, Hellion, Missile Turret  
  177  10:02  Hellion  
  177  10:03  SCV  
  177  10:05  Marine x4  
  162  10:15  Marine x4, Hellion  
  162  10:16  Marine  
  162  10:19  Marine  
  162  10:20  Marine, Hellion  
  166  10:23  Marine x4  
  166  10:24  Hellion  
  169  10:33  Marine x5  
  173  10:40  SCV x3  
Show
View Real Time Build Order
Export as new Build Order

AwePhox Zerg 

Build Orders: Hatch First 

Get SALT Encoding   

  12  0:01  Drone  
  13  0:13  Overlord  
  13  0:18  Drone  
  14  0:32  Drone  
  14  0:33  Drone  
  16  0:37  Drone  
  17  0:56  Hatchery  
  16  0:57  Drone  
  16  1:01  Extractor  
  16  1:02  Drone  
  17  1:17  Spawning Pool  
  16  1:26  Drone x2  
  16  1:31  Drone  
  19  1:41  Drone  
  20  2:02  Overlord  
  20  2:04  Metabolic Boost, Queen  
  22  2:09  Queen  
  22  2:13  Drone  
  25  2:32  Zergling x2  
  25  2:33  Drone x2  
  28  2:37  Drone  
  28  2:38  Zergling x2  
  30  2:49  Drone x2  
  32  2:56  Roach Warren  
  31  2:58  Queen  
  31  3:03  Drone  
  31  3:04  Drone  
  35  3:06  Drone  
  36  3:19  Overlord x2  
  36  3:39  Zergling x4, Roach  
  36  3:40  Roach  
  42  3:50  Drone  
  42  3:51  Drone x2  
  42  3:52  Drone x3  
  42  3:53  Zergling x2  
  48  4:09  Drone  
  49  4:10  Extractor  
  49  4:13  Pneumatized Carapace  
  49  4:15  Evolution Chamber  
  47  4:22  Drone x2  
  47  4:23  Drone  
  50  4:31  Drone  
  51  4:32  Overlord x2, Extractor  
  50  4:44  Overlord x2  
  50  4:48  Extractor  
  49  5:03  Hatchery  
  49  5:06  Zergling x4  
  50  5:08  Roach x2  
  50  5:09  Roach x6  
  60  5:51  Zergling x6  
  60  5:52  Zergling x10  
  60  6:05  Zergling x2, Roach  
  63  6:24  Roach x2  
  67  6:28  Roach x2  
  67  6:30  Queen  
  73  6:41  Overlord  
  73  6:45  Zerg Melee Weapons Level 1, Lair  
  73  6:47  Drone x2  
  75  6:56  Queen  
  73  7:28  Roach x12  
  73  7:29  Overlord x3  
  97  7:30  Overlord  
  95  7:45  Spine Crawler  
  95  7:47  Spine Crawler  
  57  8:08  Zergling x10, Roach x5  
  57  8:09  Zergling x2, Roach x3  
  66  8:18  Queen  
  58  8:41  Roach x7  
  68  8:48  Zerg Ground Armor Level 1  
  72  8:49  Queen  
  74  9:01  Spine Crawler x2  
  71  9:15  Hatchery  
  70  9:19  Overlord x2  
  70  9:21  Roach x5, Zergling x10  
  82  10:02  Roach x4, Zergling x4  
  49  10:20  Roach x6  
  49  10:26  Spine Crawler  
  49  10:27  Spine Crawler  
  37  10:34  Drone  
Tags
 
Add a new tag
Caveats
  • Supply blocks, unpowered buildings, or Contaminate may cause inaccurate times.
  • Supply counts are checked every 10 seconds.